[Event "USA Championship 2024"]
[Site "Saint Louis"]
[Date "2024.10.18"]
[Round "7.1"]
[White "Oparin, Grigoriy"]
[Black "Liang, Awonder"]
[Result "0-1"]
[ECO "C50"]
[WhiteElo "2662"]
[BlackElo "2677"]
[Annotator "TA"]
[PlyCount "78"]
[EventDate "2024.10.09"]
[EventType "tourn"]
[EventCountry "USA"]
[SourceTitle "playchess.com"]
[Source "ChessBase"]
[SourceQuality "1"]
[TimeControl "40/5400+30:1800+30"]

1. e4 e5 2. Nf3 Nc6 3. Bc4 Bc5 4. Nc3 Nf6 5. d3 d6 6. Na4 Bb6 7. a3 h6 8. b4 O-O {[%emt 0:01:33] The position is equal.} 9. O-O Ne7 10. h3 Ng6 11. Re1 Re8 12. Bb3 c6 13. Nxb6 axb6 14. a4 Be6 15. c4 c5 16. Bd2 Nd7 17. Nh2 Nb8 ({Black should play} 17... cxb4 18. Bxb4 Nf4) 18. a5 (18. b5 $11) 18... cxb4 19. axb6 Rxa1 20. Qxa1 Qxb6 21. Be3 Qc7 22. Ba4 Nc6 {[%emt 0:00:23] ...Ra8 is the strong threat.} 23. Qb2 Nge7 24. f4 {[%emt 0:03:51] [#]} (24. Bb5 $15) 24... exf4 $1 $19 25. Bxf4 Ra8 26. Bc2 Ng6 27. Be3 Ra3 {[%emt 0:01:43] ...Nge5 would now be deadly.} 28. Nf3 (28. Bb1 $17 {might work better.}) 28... Qa5 {[%emt 0:00:33] Threatens to win with ...Nce5.} 29. Nd2 $2 {[%emt 0:02:50] Now White is beyond hope.} (29. Bb1 $17) 29... Nh4 30. Nb3 Qh5 31. Bd1 Qg6 32. Kh2 Ne5 33. Nc1 (33. Rg1) 33... Rxd3 {[%emt 0:02:13] Black is clearly winning.} 34. Qf2 Qxe4 35. Bg5 {[%emt 0:01:57] [#]} Rxh3+ $3 36. Kg1 (36. gxh3 Nef3+) 36... Qxg2+ 37. Qxg2 Nxg2 38. Kxg2 hxg5 39. c5 Rc3 {[%emt 0:00:10] Weighted Error Value: White=0.68/Black=0.17 (very precise) .  Mistake:       	White=5     	Black=1      Inaccurate:     	White=1     	Black=1      OK:         	White=10    	Black=9      Best:        	White=1     	Black=3      Strong:       	---       	Black=1} 0-1

[Event "USA Championship 2024"]
[Site "Saint Louis"]
[Date "2024.10.18"]
[Round "7.2"]
[White "Mishra, Abhimanyu"]
[Black "Shankland, Sam"]
[Result "1/2-1/2"]
[ECO "B31"]
[WhiteElo "2630"]
[BlackElo "2677"]
[Annotator "TA"]
[PlyCount "159"]
[EventDate "2024.10.09"]
[EventType "tourn"]
[EventCountry "USA"]
[SourceTitle "playchess.com"]
[Source "ChessBase"]
[SourceQuality "1"]
[TimeControl "40/5400+30:1800+30"]

1. e4 c5 2. Nf3 Nc6 3. Bb5 g6 4. O-O Bg7 5. c3 Nf6 6. Re1 O-O 7. d4 a6 8. Bxc6 dxc6 9. h3 cxd4 10. cxd4 c5 11. d5 (11. dxc5 Qxd1 12. Rxd1 Nxe4 $19) 11... b5 12. Nc3 Bb7 13. Bf4 Re8 14. Qc2 e6 15. d6 Nd7 16. Rad1 Rc8 17. Bg5 Qa5 {[%emt 0:07:28] With the idea ...b4.} 18. a3 Bc6 19. Ra1 Qb6 20. Be7 c4 21. Rad1 a5 22. Ne2 Bb7 {[%emt 0:07:23] A strong pair of Bishops.} 23. Ned4 b4 24. e5 b3 25. Qc1 Qc5 (25... c3 $5 26. bxc3 Bd5 $11) 26. Qf4 {[%emt 0:01:44] [#]} (26. Qg5 c3 27. bxc3 (27. Nxb3 Qb6 $17) 27... h6 $17 (27... Qxa3 28. Ra1 $11)) 26... Rxe7 $1 27. dxe7 Qxe7 28. Rc1 (28. Qd2 $142) 28... Rc5 $17 {[%emt 0:02:15][%mdl 1024] Black has strong compensation.} 29. a4 h6 30. h4 Bd5 31. Nd2 Nb6 32. Ne4 Nxa4 (32... Bxe4 $17 33. Rxe4 Qc7 (33... Nxa4 34. Nxb3 cxb3 35. Rxa4 $11)) 33. Nxc5 (33. Nxb3 $14 {keeps the upper hand.} Rc8 (33... cxb3 $2 34. Nf6+ Bxf6 35. exf6 $18) 34. Nf6+ (34. Nxa5 Nxb2 35. Nd6 Rc7 $17) 34... Bxf6 35. exf6) 33... Nxc5 34. Re3 Nd3 35. Rxd3 cxd3 36. Nf3 Qb7 (36... Bf8 $17 37. Ne1 d2 38. Qxd2 a4 (38... Qxh4 39. Qxa5 Bg7 40. Nf3 $15)) 37. Rd1 $2 (37. Rc3 $11 {and White has nothing to worry.}) 37... Bxf3 $19 38. gxf3 {[%emt 0:00:44][%mdl 4096] Endgame. [#] KQR-KQB} (38. Qxf3 $142 Qxf3 39. gxf3 Bxe5 40. Rxd3) 38... Qb5 $1 39. Qe4 Bxe5 (39... Qxe5 40. Qxd3 a4 (40... Qxb2 41. Rb1 $11) 41. Qc4 $17) 40. Qxd3 Qb4 (40... Qxd3 $19 {has better winning chances.} 41. Rxd3 a4 (41... Bxb2 42. Rxb3 Be5 43. Rb5 $11) 42. Rd8+ Kg7) 41. h5 g5 (41... Bxb2 $6 42. hxg6 Bg7 43. Qd7 $11) (41... gxh5 $17 42. Qd8+ Kh7) 42. Qd8+ (42. Rc1 $1 $11 {keeps the balance.} Kg7 (42... Bxb2 $2 43. Rc8+ $18) 43. Rc8) 42... Kg7 $17 43. Rd7 $2 (43. Qe8 $17 {only move.} Bd4 (43... Bxb2 $2 44. Rd8 $18) 44. Kg2) 43... g4 (43... Bxb2 $2 44. Qe8 Qf8 (44... Qf4 $2 45. Rd8 $18) 45. Qxe6 $18) 44. Qe8 Qf4 (44... gxf3 45. Rxf7#) (44... Qe1+ $19 45. Kg2 gxf3+ (45... Bxb2 46. Rxf7#) 46. Kxf3 Qh1+ (46... Bxb2 47. Rxf7#) 47. Ke3 Qxh5 48. Qxe6 Bxb2 49. Qxb3 Bc1+ 50. Kd3 Qh3+ 51. Kc2 Qxd7 52. Kxc1 Qc6+ 53. Kd1 Qd6+ 54. Kc2 Qc5+ (54... Kg8 $2 55. Qf3 $19) 55. Kd1 (55. Qc3+ Qxc3+ 56. Kxc3 h5 57. f4 Kf6 58. Kd3 h4 59. Ke4 a4 60. Kd4 h3 61. Kd3 h2 62. Kd4 h1=Q 63. Kc4 a3 64. Kb3 Qb1+ 65. Kc4 a2 66. Kd5 a1=Q 67. Kc6 Qa4+ 68. Kc7 Ke7 69. Kc8 Qd7#) 55... Qxf2 56. Qc3+ Kg6 57. Qxa5 h5) 45. Qxe6 $11 Qh2+ 46. Kf1 Qh1+ (46... Bxb2 47. Rxf7+ Kh8 48. Qe8#) 47. Ke2 $132 {[%emt 0:00:05][%mdl 2048] White is not holding back} Qxf3+ (47... Bxb2 48. Rxf7+ Kh8 49. Qe8#) 48. Ke1 {[%emt 0:01:11] The board is on fire.} Qe4+ ({And not} 48... Bxb2 49. Qg6+ Kf8 50. Rd8+ Ke7 51. Qd6#) 49. Kf1 Qh1+ 50. Ke2 Qxh5 {[%emt 0:00:44] ...g3+ is the strong threat.} ({Stronger than} 50... Bxb2 51. Rxf7+ Kh8 52. Qe8#) 51. Qxb3 Qg6 52. Rd3 Bf6 53. Qd5 a4 54. Qc4 h5 55. Qxa4 Bxb2 56. Qf4 h4 (56... Qf6 {simplifies} 57. Qe4 Qe5 58. Qxe5+ Bxe5 59. Rd5 Kf6) 57. Rd6 Qh5 {[%emt 0:00:46] And now ...h3 would win.} 58. Kf1 h3 {[%emt 0:03:14] ( -> ...h2)} 59. Kg1 (59. Rd1 $1 $11) 59... Be5 $15 60. Rd5 Bxf4 61. Rxh5 {[%emt 0:00:05][%cal Of2f3] KR-KB} Kg6 62. Rh4 Kg5 63. Rh7 f5 64. f3 h2+ ({Much worse is} 64... gxf3 $6 65. Rxh3 Be3+ 66. Kf1 $11) ({Black should play} 64... Be5 $17 {Threatens to win with ...Kg6.} 65. fxg4 fxg4) 65. Kg2 g3 66. Rg7+ Kf6 67. Ra7 Be3 ({Better is} 67... Bd6 $15) 68. Ra5 (68. Ra1 $1 $11) 68... Kg5 69. Ra4 f4 70. Ra5+ $1 Kf6 71. Rb5 (71. Ra6+ $1 $15 Ke5 72. Ra5+ Ke6 73. Ra4) 71... Ke6 72. Ra5 Bd4 (72... Kd6 $17) 73. Rb5 (73. Ra6+ $15 Ke5 74. Ra8) 73... Kd6 $17 74. Ra5 Bc5 75. Ra4 {[%emt 0:00:24] [#]} Be3 ({Black should try} 75... Ke5 $1 $17) 76. Re4 $1 $11 {[%emt 0:00:32] The position is equal.} Kd5 77. Kh1 Kd6 78. Kg2 $1 Kd5 79. Kh1 Kd6 80. Kg2 $1 {[%emt 0:00:07] Weighted Error Value: White=0.29 (precise) /Black=0.25 (precise) .  Loses game:     	White=2     	---        Missed win:     	---       	Black=2      Mistake:       	White=9     	Black=7      Inaccurate:     	White=5     	Black=3      OK:         	White=19    	Black=29     Best:        	White=8     	Black=5      Strong:       	White=4     	Black=1} 1/2-1/2

[Event "USA Championship 2024"]
[Site "Saint Louis"]
[Date "2024.10.18"]
[Round "7.3"]
[White "Sevian, Samuel"]
[Black "Caruana, Fabiano"]
[Result "1/2-1/2"]
[ECO "E46"]
[WhiteElo "2689"]
[BlackElo "2796"]
[Annotator "TA"]
[PlyCount "51"]
[EventDate "2024.10.09"]
[EventType "tourn"]
[EventCountry "USA"]
[SourceTitle "playchess.com"]
[Source "ChessBase"]
[SourceQuality "1"]
[TimeControl "40/5400+30:1800+30"]

1. d4 Nf6 2. c4 e6 3. Nc3 Bb4 4. e3 O-O 5. Bd2 d5 6. a3 Be7 {[%emt 0:01:53] The position is equal.} 7. Nf3 Nbd7 8. cxd5 exd5 9. Bd3 c6 10. Qc2 Re8 11. O-O Bd6 {[%emt 0:06:32] Wards off Ne5} 12. Rfe1 Nf8 13. e4 dxe4 14. Nxe4 Nxe4 15. Bxe4 Be6 {[%emt 0:03:04] Against Qb3} 16. Ng5 g6 $1 17. h4 Be7 18. Nxe6 Nxe6 19. Bxg6 hxg6 20. Rxe6 $1 {[%emt 0:03:47][%cal Oa1e1] [#] And now Rae1! would win.} Bxh4 21. Rxg6+ fxg6 22. Qxg6+ Kh8 $1 {[%emt 0:00:00][%cal Oe8e7] ...Re7! is the strong threat.} 23. Qh6+ Kg8 24. Qg6+ Kh8 $1 {[%emt 0:00:00][%cal Oe8e7] [#] Hoping for ...Re7!} 25. Qh6+ Kg8 26. Qg6+ {[%emt 0:00:16] An uneventful encounter.   Weighted Error Value: White=0.02 (flawless) /Black=0.02 (flawless) .  OK:         	White=8     	Black=4      Best:        	White=1     	---        Strong:       	White=1     	Black=3} 1/2-1/2

[Event "USA Championship 2024"]
[Site "Saint Louis"]
[Date "2024.10.18"]
[Round "7.4"]
[White "Aronian, Levon"]
[Black "So, Wesley"]
[Result "1/2-1/2"]
[ECO "C24"]
[WhiteElo "2738"]
[BlackElo "2751"]
[Annotator "TA"]
[PlyCount "80"]
[EventDate "2024.10.09"]
[EventType "tourn"]
[EventCountry "USA"]
[SourceTitle "playchess.com"]
[Source "ChessBase"]
[SourceQuality "1"]
[TimeControl "40/5400+30:1800+30"]

1. e4 e5 2. Nf3 Nc6 3. Bc4 Nf6 4. d3 d5 5. exd5 Nxd5 6. O-O Be7 7. Re1 f6 8. a3 (8. d4 $14) 8... Bg4 9. h3 Bh5 10. Nc3 Nxc3 11. bxc3 Na5 {[%emt 0:00:04] [#] Hoping for ...Nxc4.} 12. Ba2 {[%emt 0:01:02] next Qe2 is good for White.} c5 13. Be6 Qd6 14. Bf5 Rd8 15. Qe2 O-O 16. Qe4 g6 17. Bg4 Bxg4 18. hxg4 Nc6 19. Bh6 Rfe8 (19... Rf7 {simplifies} 20. a4 Qe6 21. Nd2 f5) 20. Nh4 Bf8 21. Bxf8 Kxf8 22. Nf3 Kg7 23. Nd2 b6 24. Nc4 Qd5 (24... Qe6 {with more complications.} 25. a4 f5 26. gxf5 gxf5 27. Qh4 Qf6) 25. Qxd5 Rxd5 26. a4 Rd7 27. Rab1 f5 28. gxf5 gxf5 29. Re3 Re6 30. g3 Kf6 31. Kg2 h5 32. Rbe1 Rde7 33. Kh3 Re8 34. Kg2 R8e7 35. Rh1 Rh7 36. Re2 Rh8 37. Rhe1 (37. Ne3 $14) 37... Rhe8 38. Kh3 R6e7 {[%emt 0:03:42] The position is equal.} 39. Re3 Re6 40. Kg2 R8e7 {[%emt 0:00:39] Weighted Error Value: White=0.13 (very precise) /Black=0.08 (flawless) .  Mistake:       	White=2     	---        Inaccurate:     	White=3     	Black=2      OK:         	White=12    	Black=15     Best:        	---       	Black=1} 1/2-1/2

[Event "USA Championship 2024"]
[Site "Saint Louis"]
[Date "2024.10.18"]
[Round "7.5"]
[White "Robson, Ray"]
[Black "Niemann, Hans Moke"]
[Result "1-0"]
[ECO "C65"]
[WhiteElo "2693"]
[BlackElo "2733"]
[Annotator "TA"]
[PlyCount "79"]
[EventDate "2024.10.09"]
[EventType "tourn"]
[EventCountry "USA"]
[SourceTitle "playchess.com"]
[Source "ChessBase"]
[SourceQuality "1"]
[TimeControl "40/5400+30:1800+30"]

1. e4 e5 2. Nf3 Nc6 3. Bb5 Nf6 4. d3 Bc5 5. Bxc6 dxc6 6. O-O (6. Nxe5 $2 {loses.} Qd4 7. Qe2 Qxe5 $19) 6... Bd6 7. Nbd2 Be6 8. d4 {[%emt 0:00:35] The position is equal.} Nd7 9. dxe5 Nxe5 10. Nxe5 Bxe5 11. f4 Bd4+ 12. Kh1 f5 13. Qh5+ g6 14. Qe2 {[%emt 0:00:12] And now exf5 would win.} O-O 15. Rd1 {[%emt 0:10:50] Black must now prevent Nf3.} Qe8 16. e5 Bc5 17. Nb3 Be7 18. Be3 Qf7 {[%emt 0:01:34] Black is weak on the dark squares} 19. Nc5 Bc4 20. Qf2 {[%emt 0:03:05] aiming for b3.} b6 21. b3 Be6 22. Nxe6 Qxe6 23. Qe2 a5 24. a4 Rfd8 25. h3 h5 26. Bf2 Rd5 27. c4 Rdd8 28. Qe1 Bb4 29. Qe2 Be7 $1 {[%emt 0:00:14] [#] Prevents Bh4.} 30. c5 bxc5 31. Qc2 c4 32. bxc4 $16 ({But not} 32. Qxc4 Qxc4 33. bxc4 Kf7 $11) 32... Kf7 33. Be1 Bc5 {[%emt 0:02:47] [#]} (33... Rxd1 $142 34. Rxd1 c5) 34. Bh4 $1 $36 {[%emt 0:00:56][%mdl 2048] White is in control.} Rdb8 35. Rd3 {[%emt 0:01:01] Repels Be3} Rb4 $2 {[%emt 0:00:58] A mistake that costs the game.} (35... Be7 $16) 36. Rad1 $18 Rxc4 $2 (36... Kg8 37. Qd2 Qe8) 37. Qb3 Re8 38. Rd7+ Kg8 39. Bf6 {[%emt 0:00:53] Threatening mate with Qg3.} ({Less strong is} 39. Rxc7 Rd4 40. Qf3 Rxd1+ 41. Qxd1 Rc8 $18) 39... Rxf4 40. Qg3 {[%emt 0:00:27] Weighted Error Value: White=0.11 (very precise) /Black=0.49.  Loses game:     	---       	Black=1      Mistake:       	White=1     	Black=3      Inaccurate:     	White=1     	Black=3      OK:         	White=15    	Black=8      Best:        	White=2     	Black=1      Strong:       	---       	Black=1} 1-0